 Dungeon Crawl Stone Soup version 0.29.0-11-gd7f09526c8 (webtiles) character file.

Game seed: 7369621291128610891

21975 iguanaiguana the Severer (level 12, 0/100 HPs)
             Began as a Minotaur Fighter on Sept 6, 2022.
             Was a High Priest of Okawaru.
             Slain by a two-headed ogre
             ... wielding a +0 giant club
              (28 damage)
             ... on level 12 of the Dungeon.
             The game lasted 00:19:47 (18364 turns).

iguanaiguana the Severer (Minotaur Fighter)        Turns: 18364, Time: 00:19:48

Health: 0/100      AC: 11    Str: 24    XL:     12   Next: 58%
Magic:  19/19      EV:  8    Int:  9    God:    Okawaru [*****.]
Gold:   648        SH:  6    Dex: 16    Spells: 11/11 levels left

rFire   . . .      SeeInvis .   a - +4 broad axe (venom)
rCold   . . .      Faith    .   c - +0 buckler
rNeg    . . .      Spirit   .   C - +2 storm dragon scales
rPois   .          Reflect  .   (helmet restricted)
rElec   +          Harm     .   o - +0 cloak
rCorr   .          Rampage  .   (no gloves)
Will    +....                   (no boots)
Stlth   ..........              (no amulet)
HPRegen 0.26/turn               j - +6 ring of dexterity
MPRegen 0.16/turn               m - ring of willpower

@: no status effects
A: horns 2, retaliatory headbutt, clever 1, deformed body
a: Renounce Religion, Heroism, Finesse, Duel


You were on level 12 of the Dungeon.
You worshipped Okawaru.
Okawaru was extremely pleased with you.
You visited 3 branches of the dungeon, and saw 14 of its levels.
You also visited: Ossuary.

You collected 648 gold pieces.

Inventory:

Hand Weapons
 a - a +4 broad axe of venom (weapon)
 b - a +3 broad axe of freezing
 d - the +5 flail of Yeast {drain, rPois Dex+5 Stlth+}
   (You took it off an orc warrior on level 9 of the Dungeon)

   A truly terrible weapon, it drains the life of any living foe it strikes.
   Dex:       It affects your dexterity (+5).
   rPois:     It protects you from poison.
   Stlth:     It makes you more stealthy.
 R - the +10 executioner's axe "Pyaclak" {vorpal, rPois Int-3 Dex+4}
   (Okawaru gifted it to you on level 10 of the Dungeon)

   It inflicts extra damage upon your enemies.
   Int:       It affects your intelligence (-3).
   Dex:       It affects your dexterity (+4).
   rPois:     It protects you from poison.
Missiles
 e - 14 boomerangs (quivered)
 p - 32 poisoned darts
 D - 2 throwing nets
 V - 3 silver javelins
Armour
 c - a +0 buckler (worn)
 o - a +0 cloak (worn)
 C - +2 storm dragon scales (worn)
 H - a +0 plate armour
Magical Staves
 S - a staff of air
Jewellery
 f - a ring of wizardry
 j - a +6 ring of dexterity (left hand)
 m - a ring of willpower (right hand)
 t - a +6 ring of dexterity
 u - a ring of magical power
 y - a ring of resist corrosion
Wands
 s - a wand of light (15)
 w - a wand of roots (18)
 z - a wand of paralysis (12)
 A - a wand of flame (30)
 Q - a wand of digging (4) {@v3}
Scrolls
 h - a scroll of brand weapon
 i - 3 scrolls of immolation
 k - 3 scrolls of teleportation {@r3}
 q - a scroll of noise {unknown}
 r - a scroll of magic mapping {@r5}
 x - 2 scrolls of fear
 B - a scroll of silence
 E - a scroll of poison {unknown}
 F - a scroll of amnesia {unknown}
 G - a scroll of acquirement {unknown}
 I - a scroll of vulnerability {unknown}
 K - a scroll of torment {unknown}
 L - 6 scrolls of identify {@r1}
 N - a scroll of butterflies
 T - 2 scrolls of enchant weapon
Potions
 g - 2 potions of curing {@q1}
 l - 2 potions of degeneration
 n - 3 potions of magic
 v - 2 potions of mutation
 J - 2 potions of haste {@q4}
 M - a potion of cancellation
 O - a potion of might {@q3}
 P - a potion of berserk rage
 U - a potion of lignification
 W - a potion of brilliance {unknown}


   Skills:
 - Level 7.1 Fighting
 - Level 18.0 Axes
 - Level 7.2 Armour
 - Level 7.2 Shields
 + Level 11.1 Invocations
 - Level 3.6 Evocations


You had 11 spell levels left.
You didn't know any spells.
Your spell library contained the following spells:

 Spells                   Type           Power      Damage    Failure   Level
 Slow                     Hex            0%         N/A       97%         1
 Sting                    Tmut/Pois      0%         1d3       97%         1
 Poisonous Vapours        Pois/Air       0%         N/A       99%         2
 Confusing Touch          Hex            0%         N/A       100%        3
 Vampiric Draining        Necr           0%         2d6       100%        3
 Corpse Rot               Necr/Pois/Air  0%         N/A       100%        4
 Olgreb's Toxic Radiance  Pois           0%         N/A       100%        4


Dungeon Overview and Level Annotations

Branches:
Dungeon (12/15) Zot: 25251  Temple (1/1) D:4 Zot: 5876    Lair (2/5) D:8 Zot: 8873
  Snake (0/4) Lair:2          Orc (0/2) D:12        Ossuary (visited)
  Swamp: Lair:2-3    Shoals: Lair:2-3

Altars:
Ashenzari
Cheibriados
Dithmenos
Elyvilon
Fedhas
Gozag
Hepliaklqana
Kikubaaqudgha
Makhleb
Nemelex Xobeh
Okawaru
Qazlal
Ru
Sif Muna
Vehumet
Wu Jian
Xom
Yredelemnul
Zin
The Shining One


Innate Abilities, Weirdness & Mutations

You have a pair of horns on your head.
You reflexively headbutt those who attack you in melee.
Your mind is acute. (Int +4, Str/Dex -1)
Armour fits poorly on your strangely shaped body.


Message History

No target in view!
No target in view!
Unknown command.
You see here a tengu corpse.
A two-headed ogre comes into view. It is wielding two +0 giant clubs.
The two-headed ogre shouts in stereo!
The two-headed ogre hits you with a +0 giant club!!
You closely miss the two-headed ogre.
The two-headed ogre is lightly wounded.
You slash the two-headed ogre!
The two-headed ogre is moderately wounded.
You slash the two-headed ogre!
The two-headed ogre is poisoned.
The two-headed ogre is heavily wounded.
You barely miss the two-headed ogre.
The two-headed ogre is heavily wounded.
The two-headed ogre hits you with a +0 giant club!!
* * * LOW HITPOINT WARNING * * *
The two-headed ogre hits you with a +0 giant club!!
* * * LOW HITPOINT WARNING * * *
You are too injured to fight recklessly!
You are too injured to fight recklessly!
You are too injured to fight recklessly!
You are too injured to fight recklessly!
You are too injured to fight recklessly!
You are too injured to fight recklessly!
You are too injured to fight recklessly!
You are too injured to fight recklessly!
You are too injured to fight recklessly!
You are too injured to fight recklessly!
You are too injured to fight recklessly!
You are too injured to fight recklessly!
You are too injured to fight recklessly!
Okay, then.
You slash the two-headed ogre!
The two-headed ogre looks as sick as possible!
The two-headed ogre is severely wounded.
You completely miss the two-headed ogre.
The two-headed ogre is almost dead.
The two-headed ogre hits you with a +0 giant club!!
You die...

#..##
#.....
##.##
#.....
#..#
######
##.## #..#
##### #.##
#...÷ #.#
#...÷
###'######
# #....
#...@O...#
..##....
#........#
>.......
#........+
...#....
+........#
## #....
#........#
####.
#........#
#.
####+#####
#. #.. #.
###+#####
##.######
#.


You could see a two-headed ogre (extremely poisoned).

Vanquished Creatures
  2 dire elephants (Lair:1)
  A boulder beetle (D:12)
  Erica (D:10)
  A hydra (D:11)
  2 two-headed ogres
  Pikel (D:6)
  A manticore (D:12)
  A black mamba (Lair:1)
  Maurice (D:8)
  5 cane toads
  A gargoyle (D:12)
  2 unseen horrors
  Psyche (D:9)
  2 komodo dragons
  A tengu conjurer (D:12)
  6 trolls
  A hornet (D:8)
  2 slime creatures (D:12)
  Prince Ribbit (D:5)
  Grinder (D:6)
  5 blink frogs (Lair:2)
  22 yaks
  A wyvern (D:9)
  2 wraiths
  A vampire (D:11)
  A steam dragon (D:6)
  4 vampire mosquitoes
  2 nagas (Lair:2)
  3 wargs (D:12)
  5 acid dragons
  2 water moccasins
  3 orc warriors
  4 ice beasts
  10 centaurs
  4 wolves (Lair:2)
  2 kobold brigands
  3 phantoms
  6 bullfrogs
  2 scorpions
  3 water moccasin zombies (Ossuary)
  3 killer bees (D:8)
  3 howler monkeys (D:11)
  3 hounds
  4 jellies
  6 orc priests
  A gnoll bouda (D:5)
  3 iguanas
  10 orc wizards
  2 mummies (Ossuary)
  12 gnolls
  2 adders
  3 shadow imps
  3 white imps
  2 ufetubi (D:7)
  4 adder zombies (Ossuary)
  A worm (D:4)
  3 dart slugs
  49 orcs
  7 ball pythons
  6 bats
  4 endoplasms (D:1)
  4 giant cockroaches
  3 gnoll zombies (Ossuary)
  7 goblins
  2 hobgoblins (D:1)
  4 jackals
  16 kobolds
  4 quokkas
  A frilled lizard (D:1)
  7 hobgoblin zombies (Ossuary)
  4 kobold zombies (Ossuary)
  8 orc zombies (Ossuary)
  2 rats (D:1)
312 creatures vanquished.

Vanquished Creatures (others)
  A bush (Lair:1)
  10 fungi
  28 plants
39 creatures vanquished.

Grand Total: 351 creatures vanquished

Notes
Turn   | Place    | Note
-------+----------+-------------------------------------------
     0 | D:1      | iguanaiguana the Minotaur Fighter began the quest for the
                  | Orb.
     0 | D:1      | Reached XP level 1. HP: 19/19 MP: 0/0
   147 | D:1      | Reached XP level 2. HP: 27/27 MP: 1/1
   156 | D:1      | Found a faded altar of an unknown god.
   196 | D:1      | Reached skill level 3 in Axes
   580 | D:1      | Reached XP level 3. HP: 33/33 MP: 2/2
  1093 | D:2      | Found an ornate altar of the Wu Jian Council.
  1205 | D:2      | You fall into a shaft and drop 2 floors!
  1270 | D:4      | Found a staircase to the Ecumenical Temple.
  1337 | D:4      | Reached skill level 4 in Axes
  1337 | D:4      | Reached XP level 4. HP: 22/40 MP: 3/3
  1619 | Temple   | Entered the Ecumenical Temple
  1733 | Temple   | Became a worshipper of Warmaster Okawaru
  1841 | D:4      | Found a radiant altar of Vehumet.
  1858 | D:4      | Noticed a phantom
  1865 | D:4      | Killed a phantom
  1866 | D:4      | Reached XP level 5. HP: 34/47 MP: 4/4
  1968 | D:4      | Found a snail-covered altar of Cheibriados.
  2021 | D:4      | Noticed a phantom
  2032 | D:4      | Killed a phantom
  2033 | D:4      | Reached skill level 5 in Axes
  2597 | D:5      | Entered Level 5 of the Dungeon
  2599 | D:5      | Reached XP level 6. HP: 54/55 MP: 5/5
  2605 | D:5      | Reached skill level 5 in Armour
  2641 | D:5      | Noticed Prince Ribbit
  2649 | D:5      | Killed Prince Ribbit
  2649 | D:5      | Reached * piety under Okawaru
  2650 | D:5      | Reached skill level 5 in Fighting
  2650 | D:5      | Reached skill level 5 in Shields
  2650 | D:5      | Reached skill level 1 in Invocations
  2650 | D:5      | Reached skill level 1 in Evocations
  2674 | D:5      | Reached XP level 7. HP: 51/61 MP: 6/6
  2842 | D:5      | Reached skill level 6 in Axes
  2954 | D:5      | Found a sand-covered staircase.
  2959 | Ossuary  | Entered an ossuary
  3032 | Ossuary  | Reached ** piety under Okawaru
  3530 | D:5      | Found a hazy altar of Hepliaklqana.
  3564 | D:5      | Found a broken altar of Ashenzari.
  3564 | D:5      | Found a white marble altar of Elyvilon.
  3564 | D:5      | Found a glowing silver altar of Zin.
  3572 | D:5      | Found a sparkling altar of Nemelex Xobeh.
  3574 | D:5      | Found a glowing golden altar of the Shining One.
  3955 | D:5      | Reached XP level 8. HP: 61/70 MP: 8/8
  4166 | D:5      | Reached skill level 7 in Axes
  4535 | D:6      | Reached *** piety under Okawaru
  4964 | D:6      | Found a shimmering altar of Xom.
  4969 | D:6      | Identified the +0 chain mail of Yqeuc {Drain rPois SInv}
  4973 | D:6      | Noticed Grinder
  4995 | D:6      | Killed Grinder
  4996 | D:6      | Reached skill level 8 in Axes
  5098 | D:6      | Noticed Pikel
  5108 | D:6      | Killed Pikel
  5108 | D:6      | Reached **** piety under Okawaru
  5109 | D:6      | Reached XP level 9. HP: 75/78 MP: 7/10
  5638 | D:6      | Found a sacrificial altar of Ru.
  6394 | D:7      | Reached skill level 9 in Axes
  7280 | D:8      | Noticed Maurice
  7294 | D:8      | Killed Maurice
  7438 | D:8      | Reached skill level 10 in Axes
  7598 | D:8      | Reached skill level 5 in Invocations
  7638 | D:8      | Identified the +1 robe "Duimy" {Fly Str+5}
  7721 | D:8      | Noticed a komodo dragon
  7750 | D:8      | Killed a komodo dragon
  7751 | D:8      | Reached XP level 10. HP: 28/86 MP: 10/13
  7917 | D:8      | Reached skill level 11 in Axes
  8746 | D:8      | Paralysed by a hornet for 3 turns
  9317 | D:8      | Found a staircase to the Lair.
  9447 | Lair:1   | Entered Level 1 of the Lair of Beasts
  9471 | Lair:1   | Noticed a dire elephant
  9502 | Lair:1   | Killed a dire elephant
  9503 | Lair:1   | Reached skill level 12 in Axes
  9503 | Lair:1   | Noticed a dire elephant
  9530 | Lair:1   | Killed a dire elephant
  9530 | Lair:1   | Reached ***** piety under Okawaru
  9705 | Lair:1   | Received a gift from Okawaru
  9706 | Lair:1   | Reached skill level 13 in Axes
 10029 | Lair:1   | Noticed a black mamba
 10034 | Lair:1   | Killed a black mamba
 10233 | Lair:1   | Reached XP level 11. HP: 25/92 MP: 9/15
 10525 | Lair:1   | Reached skill level 14 in Axes
 11320 | Lair:2   | Received a gift from Okawaru
 11430 | Lair:2   | Found a staircase to the Snake Pit.
 12087 | Lair:2   | Reached skill level 15 in Axes
 12558 | Lair:2   | Noticed a six-headed hydra
 13009 | D:9      | Noticed a two-headed ogre
 13017 | D:9      | Killed a two-headed ogre
 13181 | D:9      | Noticed Psyche
 13183 | D:9      | Received a gift from Okawaru
 13184 | D:9      | Killed Psyche
 13375 | D:9      | Found an ancient bone altar of Kikubaaqudgha.
 13506 | D:9      | Identified the +5 flail of Yeast {drain, rPois Dex+5
                  | Stlth+}
 13912 | D:10     | Entered Level 10 of the Dungeon
 13925 | D:10     | Noticed a two-headed ogre
 13932 | D:10     | Killed a two-headed ogre
 13933 | D:10     | Reached skill level 16 in Axes
 14095 | D:10     | Identified the +10 executioner's axe "Pyaclak" {vorpal,
                  | rPois Int-3 Dex+4} (Okawaru gifted it to you on level 10 of
                  | the Dungeon)
 14095 | D:10     | Received a gift from Okawaru
 14458 | D:10     | Reached XP level 12. HP: 44/100 MP: 10/18
 14961 | D:10     | Noticed Erica
 14971 | D:10     | Killed Erica
 14972 | D:10     | Reached skill level 17 in Axes
 15458 | D:11     | Reached skill level 10 in Invocations
 15851 | D:11     | Noticed an eight-headed hydra
 15859 | Arena    | Entered the Arena
 15861 | Arena    | Gained mutation: Armour fits poorly on your strangely
                  | shaped body. [potion of mutation]
 15861 | Arena    | Gained mutation: Your mind is acute. (Int +4, Str/Dex -1)
                  | [potion of mutation]
 16215 | D:11     | Killed an eight-headed hydra
 17293 | D:12     | Noticed a boulder beetle
 17299 | D:12     | Killed a boulder beetle
 17536 | D:12     | Found a staircase to the Orcish Mines.
 17816 | D:12     | Reached skill level 18 in Axes
 18357 | D:12     | Noticed a two-headed ogre
 18364 | D:12     | Slain by a two-headed ogre

Illustrated notes

Levels and vault maps discovered:
D:1:      dpeg_arrival_chambers_temple_mockup, layout_basic,
          chequers_ecumenical_altar_twisty, minmay_misc_feat_tower
D:2:      layout_basic, basic_altar, minmay_quadrilaterals
D:4:      layout_loops_ring, lemuel_crystal_altar, vehumet_crystals,
          temple_doors_e
D:5:      layout_layer_cave, minmay_overflow_temple_hex, enter_ossuary_2,
          minivault_5, uniq_prince_ribbit1
D:6:      layout_basic, mainiacjoe_overflow_tiny_flanked,
          nicolae_ru_the_path_less_chosen, hangedman_decor_opposing,
          small_statue_intersection, chequers_serial_rivers_small_3, uniq_pikel,
          uniq_grinder
D:7:      layout_loops_cross
D:8:      layout_layer_cave, grunt_lair_entry_orc_guard_hut, uniq_maurice
D:9:      layout_loops_ring, mainiacjoe_overflow_cross_hatched, uniq_psyche
D:10:     layout_gridville, minmay_misc_feat_plants, kennysheep_generic_room_4,
          uniq_erica
D:11:     layout_long_grid
D:12:     layout_roguey, minmay_orc_entry_guard_dogs, serial_shops,
          nicolae_shop_competitors_out_of_business
Temple:   nicolae_temple_figure_zero
Lair:1:   layout_long_grid, nicolae_lair_grazing_beasts
          [nicolae_sub_lair_graze_edge, nicolae_sub_lair_graze_edge,
          nicolae_sub_lair_graze_edge, nicolae_sub_lair_graze_edge],
          lemuel_fruit_tree, infiniplex_staircase_pool
Lair:2:   layout_gridlike, guppyfry_snake_entry_island, serial_rivers,
          chequers_serial_rivers_micro_b, chequers_serial_rivers_room_a,
          chequers_serial_rivers_small_a, chequers_serial_rivers_micro_c

Skill      XL: |  1  2  3  4  5  6  7  8  9 10 11 12 |
---------------+-------------------------------------+-----
Axes           | 3 4 5 6 8 10 13 16 18 | 18.0
Fighting       | 4 5 6 7 |  7.1
Shields        | 4 5 6 7 |  7.2
Armour         | 4 5 6 7 |  7.2
Invocations    | 1 2 3 5 7 9 11 | 11.1
Evocations     | 1 2 3 |  3.6

Action                   |  1- 3 |  4- 6 |  7- 9 | 10-12 || total
-------------------------+-------+-------+-------+-------++-------
Melee: War axe           |    76 |    54 |   190 |       ||   320
       Headbutt          |    11 |    10 |    74 |   103 ||   198
       Hand axe          |       |       |   161 |    92 ||   253
       Broad axe         |       |       |       |   295 ||   295
       Flail             |       |       |       |    28 ||    28
Throw: Dart              |       |     4 |       |       ||     4
       Boomerang         |       |       |     5 |     4 ||     9
Invok: Heroism           |       |       |     4 |     7 ||    11
       Finesse           |       |       |       |     7 ||     7
       Duel              |       |       |       |     1 ||     1
Evoke: Wand              |       |     3 |       |     8 ||    11
  Use: Potion            |     1 |       |     1 |    12 ||    14
       Scroll            |       |       |     7 |    13 ||    20
 Stab: Invisible         |       |       |       |     8 ||     8
Armor: Scale mail        |    46 |    23 |    76 |       ||   145
       Skin              |       |       |     8 |       ||     8
       Plate armour      |       |       |    26 |   119 ||   145
       Storm dragon scal |       |       |       |    75 ||    75
Dodge: Dodged            |    46 |    21 |   125 |   122 ||   314
Block: Buckler           |    17 |    12 |   101 |   119 ||   249
